 Dungeon Crawl Stone Soup version 0.24.1-5-g77f818bfca (webtiles) character file.

Game seed: 5285354214027980096, levelgen mode: deterministic

61 nightchill the Cudgeler (level 4, -3/28 HPs)
             Began as a Gargoyle Gladiator on Apr 26, 2020.
             Slain by an orc warrior
             ... wielding a +0 hand axe
              (13 damage)
             ... on level 2 of the Dungeon.
             The game lasted 00:04:33 (2018 turns).

nightchill the Cudgeler (Gargoyle Gladiator)        Turns: 2018, Time: 00:04:34

Health: -3/28      AC:  9    Str: 18    XL:     4   Next: 7%
Magic:  4/4        EV: 11    Int:  9    God:
Gold:   117        SH:  0    Dex: 11    Spells: 3/3 levels left

rFire    . . .     SeeInvis .   a - +0 flail
rCold    . . .     Gourm    .   (no shield)
rNeg     + . .     Faith    .   s - +0 ring mail
rPois    ∞         Spirit   .   m - +1 hat
rElec    +         Reflect  .   u - scarf {cloud immunity}
rCorr    .         Harm     .   (no gloves)
MR       .....                  (no boots)
Stlth    +.........             (no amulet)
HPRegen  0.09/turn              (no ring)
MPRegen  0.09/turn              (no ring)

@: no status effects
A: negative energy resistance 1, electricity resistance, unbreathing,
petrification resistance, rot immunity, AC +3
a: no special abilities


You were on level 2 of the Dungeon.
You were hungry.

You visited 1 branch of the dungeon, and saw 3 of its levels.

You collected 117 gold pieces.

Inventory:

Hand Weapons
 a - a +0 flail (weapon)
Missiles
 e - 119 stones (quivered)
 i - 41 sling bullets
 q - 5 javelins
Armour
 b - a +0 leather armour
 c - a +0 helmet
 g - a +0 buckler
 m - a +1 hat (worn)
 s - a +0 ring mail (worn)
 u - a scarf of cloud immunity (worn)
Scrolls
 h - a scroll of noise {unknown}
 j - a scroll of identify {unknown}
 k - a scroll of teleportation {unknown}
 n - a scroll of amnesia {unknown}
 o - 2 scrolls of remove curse {unknown}
 t - a scroll of immolation {unknown}
Potions
 l - a potion of resistance {unknown}
 p - a potion of magic {unknown}
 r - a potion of curing {unknown}
Comestibles
 f - 5 rations
 v - 5 chunks of flesh


   Skills:
 + Level 3.1 Fighting
 * Level 4.3 Maces & Flails
 - Level 1.7 Throwing
 - Level 2.4 Dodging


You had 3 spell levels left.
You didn't know any spells.
Your spell library was empty.

Dungeon Overview and Level Annotations

Branches:
Dungeon (3/15)

Altars:
Dithmenos
Elyvilon
Wu Jian

Annotations:
D:2 exclusion: downstairs


Innate Abilities, Weirdness & Mutations

You are resistant to torment.
Your stone body is resilient. (AC +3)
You are immune to poison.
You resist negative energy. (rN+)
You are resistant to electric shocks. (rElec)
You can survive without breathing.
You are immune to petrification.
You are immune to rotting.


Message History

The orc warrior barely misses you.
You hit the orc warrior but do no damage.
The orc warrior is severely wounded.
The orc warrior hits you with a +0 hand axe.
You hit the orc warrior.
The orc warrior is almost dead.
The orc warrior misses you.
You hit the orc warrior but do no damage.
The orc warrior is almost dead.
The orc warrior barely misses you.
You closely miss the orc warrior.
The orc warrior is almost dead.
The orc warrior barely misses you. The orc warrior closely misses you.
You barely miss the orc warrior.
The orc warrior is almost dead.
The orc warrior closely misses you.
You hit the orc warrior but do no damage.
The orc warrior is almost dead.
The orc warrior hits you with a +0 hand axe!
You die...

#################
#...............#
#.#############.#
#.# #.# #.# #.#
###########.######
#.#
................@#
#.#
..#########.#.##o#
#.# ....# #.#.##.#
#.# ....# #.#.##.#
#.# ....# #.#.##.#
#.# #..## #.#.##.#
#.# ##.##
###.#.##.# #.#
#..# #........#
#.# ##.##
#.#.#.#### #.#


You could see an orc warrior.

Vanquished Creatures
  2 adders (D:3)
  A worm (D:3)
  2 leopard geckos
  An orc (D:3)
  4 giant cockroaches
  7 goblins
  2 hobgoblins (D:2)
  3 jackals (D:3)
  2 kobolds (D:2)
  A quokka (D:3)
  2 ball pythons
  2 bats
  A frilled lizard (D:1)
  4 rats
34 creatures vanquished.

Notes
Turn   | Place    | Note
-------+----------+-------------------------------------------
     0 | D:1      | nightchill the Gargoyle Gladiator began the quest for the
                  | Orb.
     0 | D:1      | Reached XP level 1. HP: 12/12 MP: 1/1
   262 | D:1      | Reached XP level 2. HP: 18/18 MP: 2/2
  1005 | D:2      | Reached XP level 3. HP: 22/22 MP: 3/3
  1389 | D:3      | Noticed an orc warrior
  1465 | D:3      | Reached skill level 4 in Maces & Flails
  1839 | D:3      | Found a shadowy altar of Dithmenos.
  1839 | D:3      | Found a white marble altar of Elyvilon.
  1839 | D:3      | Found an ornate altar of the Wu Jian Council.
  1980 | D:3      | Reached XP level 4. HP: 24/28 MP: 4/4
  2018 | D:2      | Slain by an orc warrior

Levels and vault maps discovered:
D:1:      dpeg_arrival_ternary, layout_basic
D:2:      layout_basic
D:3:      layout_basic, gammafunk_temple_overflow_arena, uniq_robin

Skill      XL: |  1  2  3 |
---------------+----------+-----
Maces & Flails | 4 |  4.3
Fighting       | 3 |  3.1
Throwing       | |  1.7
Dodging        | |  2.4

Action                   |  1- 3 |  4- 6 || total
-------------------------+-------+-------++-------
Melee: Flail             |   107 |    18 ||   125
Throw: Javelin           |     3 |       ||     3
       Throwing net      |       |     3 ||     3
 Stab: Held in net/web   |       |     2 ||     2
  Eat: Chunk             |     3 |       ||     3
Armor: Leather armour    |    12 |       ||    12
       Ring mail         |    38 |     4 ||    42
Dodge: Dodged            |    85 |    23 ||   108
